 Dungeon Crawl Stone Soup version 0.19-a0-867-g949743d (webtiles) character file.

77882 matakusis the Spry (level 15, -18/118 HPs)
             Began as a Demonspawn Gladiator on July 3, 2016.
             Was the Champion of Hepliaklqana.
             Demolished by an azure jelly (41 damage)
             ... on level 1 of the Pits of Slime.
             The game lasted 01:45:04 (18763 turns).

matakusis the Spry (Demonspawn Gladiator)          Turns: 18763, Time: 01:45:04

Health: -18/118    AC:  6    Str: 19    XL:     15   Next: 16%
Magic:  6/6        EV: 25    Int: 11    God:    Hepliaklqana [******]
Gold:   462        SH: 14    Dex: 31    Spells: 1 memorised, 7 levels left

rFire  . . .     SeeInvis .     w - +10 falchion "Besm" {slice, Int+2}
rCold  . . .     Gourm    .     a - +5 steam dragon armour
rNeg   + . .     Faith    .     r - +2 buckler "Muhuotz" {rN+ Regen+}
rPois  +         Spirit   .     (helmet restricted)
rElec  .         Dismiss  .     h - +1 cloak {rPois}
rCorr  .         Reflect  .     e - +1 pair of gloves
SustAt .         Harm     .     (boots unavailable)
MR     +....     Clarity  +     (no amulet)
Stlth  ++........               S - +3 ring of dexterity
                                G - ring "Toschiydd" {MP-9 Str+3 Dex+8}

@: corroded, somewhat resistant to hostile enchantments, unstealthy
A: hooves 3, horns 1, large bone plates 2, clarity, mutation resistance 1,
powered by death 2, spiny 1
a: Recall Ancestor, Ancestor Identity, Transference, Idealise, Renounce Religion


You were on level 1 of the Pits of Slime.
You worshipped Hepliaklqana.
Hepliaklqana was exalted by your worship.
You were not hungry.

You visited 5 branches of the dungeon, and saw 21 of its levels.
You also visited: Labyrinth and Sewer.

You collected 1605 gold pieces.
You spent 1143 gold pieces at shops.

Inventory:

Hand Weapons
 w - the +10 falchion "Besm" (weapon) {slice, Int+2}
   (You found it on level 5 of the Dungeon)

   It inflicts extra damage upon your enemies.
   It affects your intelligence (+2).
 H - the +4 mace "Iwi Byfu" {pain, rElec Int+3 SInv}
   (You found it on level 6 of the Dungeon)

   In the hands of one skilled in necromantic magic, it inflicts extra damage on
   living creatures.
   It affects your intelligence (+3).
   It insulates you from electricity.
   It lets you see invisible.
Missiles
 R - 2 throwing nets (quivered)
Armour
 a - a +5 steam dragon armour (worn)
 e - a +1 pair of gloves (worn)
 h - a +1 cloak of poison resistance (worn)
 l - a +0 shield of reflection
 r - the +2 buckler "Muhuotz" (worn) {rN+ Regen+}
   (You found it on level 10 of the Dungeon)

   It protects you from negative energy.
   It increases your rate of regeneration.
 F - a +0 crystal plate armour
Jewellery
 b - an uncursed ring of protection from fire
 D - an uncursed ring of protection from magic
 G - the ring "Toschiydd" (left hand) {MP-9 Str+3 Dex+8}
   (You acquired it on level 3 of the Lair of Beasts)

   [ring of strength]

   It affects your strength (+3).
   It affects your dexterity (+8).
   It affects your magic capacity (-9).
 N - an uncursed ring of flight
 S - a +3 ring of dexterity (right hand)
Wands
 d - a wand of confusion (37/48)
 m - a wand of flame (47/48)
 s - a wand of hasting (3/9)
 B - a wand of teleportation (6/9)
 C - a wand of lightning (5/15)
 M - a wand of disintegration (18/24)
Scrolls
 c - 2 scrolls of amnesia
 g - 6 scrolls of teleportation
 j - a scroll of enchant weapon
 n - 2 scrolls of fear
 p - 7 scrolls of remove curse
 Q - 2 scrolls of blinking
 Z - a scroll of identify
Potions
 i - 2 potions of flight
 x - 2 potions of brilliance
 A - 7 potions of curing
 I - 2 potions of agility
 L - 4 potions of magic
 O - 2 potions of resistance
 P - 4 potions of might
 T - a potion of invisibility
 V - a potion of cure mutation
 W - 2 potions of ambrosia
 Y - 3 potions of lignification
Books
 v - a Necronomicon

   Spells                             Type                      Level
   a - Haunt                          Necromancy/Summoning         7
   b - Borgnjor's Revivification      Necromancy                   8
   c - Death's Door                   Charms/Necromancy            8
   d - Infestation                    Necromancy                   8
   e - Necromutation                  Transmutation/Necromancy     8
 K - a book of Misfortune

   Spells                             Type                      Level
   a - Confusing Touch                Hexes                        1
   b - Confuse                        Hexes                        3
   c - Gell's Gravitas                Hexes/Translocation          3
   d - Petrify                        Transmutation/Earth          4
   e - Metabolic Englaciation         Hexes/Ice                    5
   f - Yara's Violent Unravelling     Hexes/Transmutation          5
Miscellaneous
 o - a fan of gales
 z - a phantom mirror
Comestibles
 f - 16 bread rations
 q - 8 meat rations
 t - 6 fruits
 u - 13 royal jellies


   Skills:
 * Level 11.1 Fighting
 + Level 10.2 Long Blades
 - Level 2.1 Throwing
 + Level 4.1 Armour
 * Level 15.0 Dodging
 * Level 11.4 Shields
 - Level 4.2 Necromancy


You had 7 spell levels left.
You knew the following spells:

 Your Spells              Type           Power        Failure   Level  Hunger
a - Haunt                 Necr/Summ      #.........   100%        7    #######


Dungeon Overview and Level Annotations

Branches:
Dungeon (11/15)            Temple (1/1) D:5            Lair (6/6) D:9
 Shoals (0/4) Lair:2       Spider (0/4) Lair:3        Slime (1/5) Lair:6
    Orc (2/2) D:9             Elf (0/3) Orc:2

Altars:
Ashenzari
Cheibriados
Dithmenos
Elyvilon
Fedhas
Gozag
Hepliaklqana
Kikubaaqudgha
Makhleb
Nemelex Xobeh
Okawaru
Pakellas
Qazlal
Ru
Sif Muna
Trog
Uskayaw
Vehumet
Xom
Yredelemnul
Zin
The Shining One
Beogh
Jiyva

Shops:
D:9 ?}?=   D:11 !   Orc:2 !*!!


Innate Abilities, Weirdness & Mutations

You have hooves in place of feet.
You are mostly covered in large bone plates. (AC +3, SH +3)
You regenerate health from kills.
You are partially covered in sharp spines.
You have a pair of small horns on your head.
You possess an exceptional clarity of mind.
You are somewhat resistant to further mutation.


Message History

Cuetlachtli is burned by acid!
You hit the acid blob but do no damage.
Your hands burn!
You kick the acid blob, but do no damage.
You headbutt the acid blob, but do no damage.
The acid blob is heavily wounded.
The acid blob spits acid at you. The splash of acid hits you!
The acid burns!
The acid blob hits you!!
You are splashed with acid!
The acid burns!
Cuetlachtli hits the acid blob with a dagger of draining.
Cuetlachtli is burned by acid!
The acid blob spits acid at you. The splash of acid hits you!
The acid corrodes you!
The acid burns!
* * * LOW HITPOINT WARNING * * *
The acid blob hits Cuetlachtli!!
Cuetlachtli is splashed with acid.
Cuetlachtli hits the acid blob with a dagger of draining!
Cuetlachtli is burned by acid!
The azure jelly hits you.
* * * LOW HITPOINT WARNING * * *
The azure jelly freezes you!!!
You die...

## # #.##
##.###...#
#...#.#..##
##.#......##
##..........##
#.....J.......
#....R@.......
#.....J.......
##...J........
##...........
#............
#..........>.
.#...........
..............


You could see the friendly Cuetlachtli the hexer, 2 acid blobs and an azure
jelly.

Vanquished Creatures
  Donald (Orc:2)
  Maud (Orc:2)
  3 dire elephants (Lair:6)
  A minotaur (Lab)
  A hydra (Lair:2)
  An anaconda (Lair:6)
  A death knight (D:11)
  5 death yaks (Lair:6)
  A skeletal warrior (D:11)
  2 unseen horrors
  2 hill giants
  Pikel (D:9)
  10 orc knights
  A griffon (Lair:2)
  An orc sorcerer (D:9)
  A cyclops (D:11)
  Joseph (D:8)
  2 black mambas (Lair:3)
  12 elephants (Lair:6)
  3 spiny frogs
  3 torpor snails
  3 komodo dragons
  3 meliai (Lair:6)
  A troll (Orc:2)
  3 merfolk (Lair:2)
  A queen bee (Lair:6)
  Prince Ribbit (D:8)
  A minotaur skeleton (Lab)
  2 blink frogs (Lair:5)
  A boulder beetle (Lair:5)
  A shadow (Lab)
  17 yaks
  2 wraiths
  2 spriggans
  3 wyverns
  3 fire bats (Lair:3)
  7 hippogriffs
  The ghost of matakusis the Ducker, an amateur DsGl (D:4)
  5 hungry ghosts (Lab)
  Grum (D:8)
  4 wargs
  Menkaure (D:6)
  11 water moccasins
  10 porcupines
  32 orc warriors
  5 ice beasts
  An eye of draining (D:9)
  3 phantoms
  2 sky beasts
  2 black bears
  2 wasps
  10 centaurs
  2 necrophages (D:10)
  13 ogres
  9 wolves
  12 crocodiles
  4 big kobolds
  A wyvern zombie (D:6)
  9 giant frogs
  A wyvern skeleton (D:4)
  2 scorpions
  29 killer bees
  2 troll skeletons (Lab)
  12 wights (D:8)
  A hexer (Orc:2)
  2 crimson imps
  A lava snake (Lair:3)
  A giant frog zombie (D:10)
  4 howler monkeys
  2 giant frog skeletons (D:11)
  3 hounds
  3 jellies
  Crazy Yiuf (D:6)
  A centaur skeleton (D:11)
  5 orc priests
  2 iguanas
  Ijyb (D:3)
  13 orc wizards
  11 worker ants
  13 sheep
  A killer bee zombie (D:7)
  2 ogre skeletons (Lab)
  A hound skeleton (D:8)
  A worker ant zombie (D:10)
  15 gnolls
  A howler monkey skeleton (D:8)
  29 river rats
  9 adders
  2 shadow imps
  4 oozes
  2 adder skeletons
  6 worms
  2 dart slugs
  8 giant geckos
  67 orcs
  4 ball pythons
  5 giant cockroaches
  7 goblins
  9 hobgoblins
  7 quokkas
  16 bats
  A giant cockroach zombie (D:5)
  9 giant newts
  25 kobolds
  A quokka skeleton (D:6)
  12 rats
  3 fungi (D:9)
  2 plants
606 creatures vanquished.

Vanquished Creatures (collateral kills)
  2 dire elephants (Lair:6)
  2 hydras
  A catoblepas (Lair:5)
  A hill giant (D:10)
  An orc sorcerer (Orc:2)
  A cyclops (D:11)
  Maurice (D:10)
  A spiny frog (Lair:1)
  A merfolk (Lair:2)
  A blink frog (Lair:5)
  A shadow (Lab)
  2 yaks
  A water moccasin (Lair:4)
  A porcupine (Lair:5)
  2 orc warriors
  An ice beast (D:6)
  An ogre (Orc:1)
  A wolf (Lair:6)
  2 crocodiles
  2 gnoll sergeants (Orc:2)
  2 killer bees (Lair:6)
  A sheep (Lair:2)
  A gnoll (Orc:2)
  A river rat (Lair:6)
  A shadow imp (D:10)
  4 orcs
  A jackal (D:8)
  A kobold (D:7)
38 creatures vanquished.

Vanquished Creatures (others)
  A howler monkey (D:8)
  4 hexers
  A gnoll (D:8)
  A quokka (D:9)
  A giant gecko skeleton (D:8)
  11 fungi
  5 plants
24 creatures vanquished.

Grand Total: 668 creatures vanquished

Notes
Turn   | Place    | Note
-------+----------+-------------------------------------------
     0 | D:1      | matakusis the Demonspawn Gladiator began the quest for the Orb.
     0 | D:1      | Reached XP level 1. HP: 16/16 MP: 1/1
    44 | D:1      | Reached skill level 3 in Dodging
   209 | D:1      | Gained mutation: You are partially covered in sharp spines. [demonic ancestry]
   209 | D:1      | Reached XP level 2. HP: 17/22 MP: 2/2
   485 | D:2      | Reached XP level 3. HP: 21/27 MP: 3/3
  1362 | D:2      | Found an iron altar of Okawaru.
  1362 | D:2      | Found a snail-covered altar of Cheibriados.
  1567 | D:2      | Gained mutation: You regenerate slowly when monsters are visible. [potion of mutation]
  1567 | D:2      | Gained mutation: You are dopey. (Int -2) [potion of mutation]
  1567 | D:2      | Gained mutation: You are clumsy. (Dex -2) [potion of mutation]
  1599 | D:3      | Gained mutation: You regenerate a little health from kills. [demonic ancestry]
  1599 | D:3      | Reached XP level 4. HP: 26/34 MP: 4/4
  1734 | D:3      | Reached skill level 1 in Armour
  2437 | D:3      | Reached XP level 5. HP: 41/41 MP: 5/5
  2607 | D:3      | Noticed Ijyb
  2618 | D:3      | Killed Ijyb
  2783 | D:4      | Noticed an ogre
  2797 | D:4      | Killed an ogre
  2797 | D:4      | Reached skill level 4 in Dodging
  2797 | D:4      | Gained mutation: You have large cloven feet. [demonic ancestry]
  2797 | D:4      | Reached XP level 6. HP: 28/47 MP: 6/6
  2923 | D:4      | Reached skill level 1 in Shields
  3260 | D:4      | Noticed matakusis's ghost (amateur DsGl)
  3277 | D:4      | Killed matakusis's ghost
  3277 | D:4      | Reached skill level 5 in Dodging
  3277 | D:4      | Gained mutation: You have hoof-like feet. [demonic ancestry]
  3277 | D:4      | Reached XP level 7. HP: 3/53 MP: 7/7
  3867 | D:5      | Entered Level 5 of the Dungeon
  3979 | D:5      | Found a staircase to the Ecumenical Temple.
  3981 | D:5      | Got an encrusted falchion
  3985 | D:5      | Identified the +10 falchion "Besm" {slice, Int+2} (You found it on level 5 of the Dungeon)
  4020 | Temple   | Entered the Ecumenical Temple
  4213 | Temple   | Became a worshipper of Hepliaklqana
  4288 | D:5      | Found a glowing drain.
  4293 | Sewer    | Entered a sewer
  4455 | Sewer    | Reached XP level 8. HP: 47/60 MP: 8/8
  4465 | Sewer    | Reached skill level 6 in Dodging
  5416 | D:6      | Noticed Menkaure
  5423 | D:6      | Killed Menkaure
  5445 | D:6      | Reached skill level 7 in Dodging
  5519 | D:6      | Reached skill level 5 in Fighting
  5519 | D:6      | Reached skill level 5 in Long Blades
  5713 | D:6      | Found a runed door.
  5725 | D:6      | Learned a level 7 spell: Haunt
  5725 | D:6      | Noticed Crazy Yiuf
  5727 | D:6      | Killed Crazy Yiuf
  5740 | D:6      | Got a jewelled mace
  5742 | D:6      | Identified the +4 mace "Iwi Byfu" {pain, rElec Int+3 SInv} (You found it on level 6 of the Dungeon)
  5812 | D:6      | Gained mutation: You regenerate health from kills. [demonic ancestry]
  5812 | D:6      | Reached XP level 9. HP: 61/68 MP: 9/9
  5822 | D:7      | Reached skill level 1 in Necromancy
  5881 | D:7      | Reached * piety under Hepliaklqana
  6242 | D:7      | Found a stormy altar of Qazlal.
  6564 | D:7      | Reached skill level 8 in Dodging
  6886 | D:8      | Found a shimmering altar of Xom.
  6909 | D:8      | You fall through a shaft for 2 floors!
  6909 | D:10     | Entered Level 10 of the Dungeon
  6974 | D:10     | Gained mutation: You have hooves in place of feet. [demonic ancestry]
  6974 | D:10     | Reached XP level 10. HP: 74/76 MP: 8/10
  7027 | D:10     | Reached ** piety under Hepliaklqana
  7035 | D:10     | Remembered your ancestor Cuetlachtli as a hexer
  7087 | D:10     | Noticed a hill giant
  7094 | D:10     | Killed a hill giant
  7094 | D:10     | Reached skill level 9 in Dodging
  7346 | D:9      | Found Jywkorar's Magic Scroll Emporium.
  7347 | D:9      | Found Veidoirph's Gadget Boutique.
  7349 | D:9      | Reached skill level 5 in Shields
  7525 | D:8      | Noticed Prince Ribbit
  7532 | D:8      | Killed Prince Ribbit
  7601 | D:8      | Noticed Grum
  7608 | D:8      | Killed Grum
  7769 | D:8      | Reached skill level 10 in Dodging
  7851 | D:8      | Noticed Joseph
  7863 | D:8      | Killed Joseph
  8178 | D:9      | Found a staircase to the Lair.
  8205 | D:9      | Found Boqosm's Jewellery Emporium.
  8304 | D:9      | Found a staircase to the Orcish Mines.
  8341 | D:9      | Noticed an unseen horror
  8348 | D:9      | Killed an unseen horror
  8371 | D:9      | Noticed Pikel
  8375 | D:9      | Killed Pikel
  8375 | D:9      | Gained mutation: You are partially covered in large bone plates. (AC +2, SH +2) [demonic ancestry]
  8375 | D:9      | Reached XP level 11. HP: 56/84 MP: 3/11
  8435 | D:9      | Found Zumeoliwy's Magic Scroll Boutique.
  8834 | Orc:1    | Entered Level 1 of the Orcish Mines
  8836 | Orc:1    | Noticed an orc knight
  8862 | Orc:1    | Killed an orc knight
  8886 | Orc:1    | Reached *** piety under Hepliaklqana
  9052 | Orc:1    | Noticed an orc sorcerer
  9097 | D:9      | Killed an orc sorcerer
  9132 | D:10     | Got a slimy buckler
  9146 | D:10     | Identified the +2 buckler "Muhuotz" {rN+ Regen+} (You found it on level 10 of the Dungeon)
  9463 | D:9      | Bought a scroll of acquirement for 572 gold pieces
  9463 | D:9      | Bought a scroll of teleportation for 33 gold pieces
  9463 | D:9      | Bought a scroll of fear for 38 gold pieces
  9497 | D:10     | Noticed an unseen horror
  9512 | D:10     | Killed an unseen horror
  9532 | D:11     | Noticed a skeletal warrior
  9538 | D:11     | Noticed a death knight
  9612 | D:11     | Noticed Maurice
  9612 | D:11     | Noticed a hill giant
  9619 | D:10     | Killed a hill giant
  9882 | D:10     | Killed Maurice
  9924 | D:10     | Reached skill level 11 in Dodging
  9998 | D:11     | Killed a death knight
 10010 | D:11     | Killed a skeletal warrior
 10047 | D:11     | Noticed a hill giant
 10057 | D:11     | Killed a hill giant
 10065 | D:11     | Reached XP level 12. HP: 83/92 MP: 12/12
 10073 | D:11     | Gained mutation: You possess an exceptional clarity of mind. [mutagenic meat]
 10156 | D:11     | Found Menoan's Distillery.
 10632 | Orc:2    | Entered Level 2 of the Orcish Mines
 10639 | Orc:2    | Paralysed by an orc sorcerer for 7 turns
 10682 | Orc:2    | Reached **** piety under Hepliaklqana
 10721 | Orc:2    | Noticed Donald
 10761 | Orc:2    | Killed Donald
 10783 | Orc:2    | Found a labyrinth entrance.
 10799 | Lab      | Entered a labyrinth
 10860 | Lab      | Reached skill level 12 in Dodging
 11251 | Lab      | Noticed a minotaur
 11258 | Lab      | Killed a minotaur
 11260 | Lab      | Identified Ybetych's Guide on the Voyage and Stones
 11390 | Lab      | Identified a +4 rod of inaccuracy (12/12) (You found it in a labyrinth)
 11391 | Lab      | Identified a +3 rod of inaccuracy (14/14) (You found it in a labyrinth)
 11462 | Orc:2    | Noticed Maud
 11479 | Orc:2    | Killed Maud
 11913 | Orc:2    | Found a roughly hewn altar of Beogh.
 11935 | Orc:2    | Found Kickapso's Distillery.
 12103 | Orc:2    | Found Zitielucw's General Store.
 12127 | Orc:2    | Gained mutation: You are mostly covered in large bone plates. (AC +3, SH +3) [demonic ancestry]
 12127 | Orc:2    | Reached XP level 13. HP: 87/101 MP: 13/13
 12175 | Orc:2    | Found Ruriacuk's Distillery.
 12233 | Orc:2    | Bought a potion of experience for 500 gold pieces
 12235 | Orc:2    | Reached skill level 10 in Fighting
 12235 | Orc:2    | Reached skill level 13 in Dodging
 12235 | Orc:2    | Reached XP level 14. HP: 110/110 MP: 14/14
 12242 | Orc:2    | Found Dubbi's Distillery.
 12290 | Orc:2    | Found a staircase to the Elven Halls.
 12731 | Lair:1   | Entered Level 1 of the Lair of Beasts
 12759 | Lair:1   | Reached skill level 10 in Shields
 12862 | Lair:1   | Reached ***** piety under Hepliaklqana
 13671 | Lair:2   | Found a staircase to the Shoals.
 14936 | Lair:3   | Got a slimy tin ring
 14938 | Lair:3   | Identified the ring "Toschiydd" {MP-9 Str+3 Dex+8} (You acquired it on level 3 of the Lair of Beasts)
 15052 | Lair:3   | Found a hole to the Spider Nest.
 15369 | Lair:4   | Lost mutation: You possess an exceptional clarity of mind. [potion of cure mutation]
 15369 | Lair:4   | Lost mutation: You are dopey. (Int -2) [potion of cure mutation]
 15369 | Lair:4   | Lost mutation: You regenerate slowly when monsters are visible. [potion of cure mutation]
 15369 | Lair:4   | Lost mutation: You are clumsy. (Dex -2) [potion of cure mutation]
 15370 | Lair:4   | Gained mutation: You have a pair of small horns on your head. [potion of mutation]
 15370 | Lair:4   | Gained mutation: You have supernaturally acute eyesight. (SInv) [potion of mutation]
 15370 | Lair:4   | Gained mutation: You are clumsy. (Dex -2) [potion of mutation]
 15371 | Lair:4   | Lost mutation: You have supernaturally acute eyesight. (SInv) [potion of mutation]
 15371 | Lair:4   | Gained mutation: You have a pair of horns on your head. [potion of mutation]
 15371 | Lair:4   | Gained mutation: You are somewhat resistant to further mutation. [potion of mutation]
 15372 | Lair:4   | Gained mutation: You possess an exceptional clarity of mind. [potion of mutation]
 15373 | Lair:4   | Lost mutation: You are clumsy. (Dex -2) [potion of cure mutation]
 15373 | Lair:4   | Lost mutation: You have a pair of horns on your head. [potion of cure mutation]
 15429 | Lair:4   | Reached skill level 14 in Dodging
 16069 | Lair:5   | Reached ****** piety under Hepliaklqana
 16995 | Lair:6   | Entered Level 6 of the Lair of Beasts
 17198 | Lair:6   | Reached skill level 10 in Long Blades
 17896 | Lair:6   | Found a viscous altar of Jiyva.
 17896 | Lair:6   | Found a staircase to the Slime Pits.
 18102 | Lair:6   | Reached XP level 15. HP: 104/118 MP: 6/15
 18409 | Lair:6   | Identified a +0 rod of inaccuracy (12/12) (You found it on level 6 of the Lair of Beasts)
 18594 | Lair:6   | Reached skill level 15 in Dodging
 18759 | Slime:1  | Entered Level 1 of the Pits of Slime
 18759 | Slime:1  | Noticed an acid blob
 18759 | Slime:1  | Noticed an azure jelly
 18759 | Slime:1  | Noticed an acid blob
 18763 | Slime:1  | Demolished by an azure jelly

Vault maps used:
D:1:      erik_arrival_gehennom
D:2:      gammafunk_temple_overflow_elements
D:3:      first_bread, uniq_iyjb
D:4:      hangedman_decor_growths
D:5:      lightli_sewer_entry_pipes
D:6:      uniq_crazy_yiuf_cottage, uniq_menkaure
D:7:      grunt_qazlal_sundering, the_bakery
D:8:      xom_confusion_cloud, minmay_misc_feat_cross, nrook_mini_vaults,
          kennysheep_generic_room_10, uniq_prince_ribbit1, uniq_grum,
          uniq_joseph
D:9:      due_lair_maze_entry_diamond, serial_shops, nicolae_shop_crystal, shop,
          shop, shop_statue, uniq_pikel
D:11:     serial_shops, shop, uniq_maurice
Temple:   dpeg_five_rooms_temple
Lair:1:   lemuel_old_faithful, grunt_megastairs_5, infiniplex_staircase_pool_2
Lair:2:   elwin_shoals_entry_stream, columned_hall_lemuel, st_stairs_10,
          serial_bayou_pond_c, grunt_megastairs_1, serial_bayou_shore_a
Lair:3:   nicolae_spider_entry_non_spiders, infiniplex_staircase_pool
Lair:5:   grunt_forest_large_clearing_hut
Lair:6:   due_jungle_book, dpeg_slime_entry_enclosed_altar, special_room
Orc:2:    st_orc_town, lab_entry_generic, sword_in_stone, uniq_maud, uniq_donald
Lab:      nicolae_lab_quarters, labyrinth_skeletal_remains, nicolae_lab_hexagon,
          nicolae_lab_grate, lab_hedge, nicolae_lab_dead_end,
          nicolae_lab_starburst, nicolae_lab_checkerboard
Sewer:    sewer_co_15_rooms

Skill      XL: |  1  2  3  4  5  6  7  8  9 10 11 12 13 14 15 |
---------------+----------------------------------------------+-----
Dodging        | 3 4 5 7 8 10 11 12 13 14 15 | 15.0
Long Blades    | 3 4 5 6 7 8 9 10 | 10.2
Throwing       | 2 |  2.1
Armour         | 1 2 3 4 |  4.1
Fighting       | 3 4 5 6 7 8 9 10 11 | 11.1
Shields        | 1 2 3 4 5 7 9 11 | 11.4
Necromancy     | 3 4 |  4.2

Action                   |  1- 3 |  4- 6 |  7- 9 | 10-12 | 13-15 || total
-------------------------+-------+-------+-------+-------+-------++-------
Melee: Long sword        |    92 |   137 |    32 |       |       ||   261
       Kick              |       |    16 |    85 |   303 |   417 ||   821
       Falchion          |       |       |   257 |   720 |   739 ||  1716
       Mace              |       |       |       |    23 |       ||    23
       Headbutt          |       |       |       |       |   178 ||   178
Throw: Throwing net      |       |     3 |     1 |     1 |       ||     5
Invok: Recall Ancestor   |       |       |     2 |     3 |     1 ||     6
       Ancestor Life: He |       |       |       |     1 |       ||     1
Evoke: Wand              |       |       |       |       |     5 ||     5
  Use: Scroll            |     8 |     3 |     7 |    16 |    12 ||    46
       Potion            |     3 |     3 |     5 |     6 |     6 ||    23
 Stab: Sleeping          |     4 |       |       |       |     5 ||     9
       Held in net/web   |       |     1 |     2 |     1 |       ||     4
       Distracted        |       |       |     1 |     7 |    25 ||    33
       Confused          |       |       |       |    14 |    16 ||    30
       Paralysed         |       |       |       |       |     3 ||     3
  Eat: Chunk             |     2 |     6 |    12 |    17 |     9 ||    46
       Pizza             |       |       |       |     1 |     2 ||     3
       Beef jerky        |       |       |       |     1 |       ||     1
       Fruit             |       |       |       |       |     3 ||     3
       Meat ration       |       |       |       |       |     1 ||     1
       Royal jelly       |       |       |       |       |     1 ||     1
Armor: Leather armour    |    16 |    24 |    49 |    32 |       ||   121
       Steam dragon armo |       |       |       |    32 |    63 ||    95
Dodge: Dodged            |    43 |    79 |   146 |   300 |   440 ||  1008
Block: Buckler           |       |    13 |    58 |   209 |   428 ||   708
       Shield            |       |       |       |    72 |       ||    72
